TOP OF THE 1ST |
Calgary Cowboys batting - Pitching for Redwood City Redwoods : RHP Jorge Luna
|
Pitching: RHP Jorge Luna
|
|
Batting: RHB Clark Hodge
|
0-0: Ball 1-0: Ball 2-0: Ball 3-0: Called Strike 3-1: Foul Ball, location: 2F 3-2: Base on Balls
|
Batting: RHB Dan Wyatt
|
0-0: Ball 1-0: Fly out, F9 (Flyball, 9M)
|
Batting: LHB Terry Maloney
|
0-0: Called Strike 0-1: Ball 1-1: Ball 2-1: Fly out, F6 (Popup, 56D)
|
Batting: LHB Miguel Pérez
|
0-0: Ball 1-0: Ball Wild Pitch! Clark Hodge to second 2-0: Ball 3-0: Called Strike 3-1: DOUBLE (Line Drive, 9LS) Clark Hodge scores
|
Batting: RHB Ramón Martínez
|
0-0: Ball 1-0: SINGLE (Line Drive, 89S) Miguel Pérez to third Runner from 3rd tries for Home, SAFE, no throw or cutoff
|
Batting: RHB Shayne Burry
|
0-0: Foul Ball, location: 2F 0-1: Ball 1-1: Ball 2-1: Foul Ball, location: 2F 2-2: Foul Ball, location: 2F 2-2: Strikes out swinging
|
Top of the 1st over - 2 run(s), 2 hit(s), 0 error(s), 1 left on base; Calgary 2 - Redwood City 0 |
BOTTOM OF THE 1ST |
Redwood City Redwoods batting - Pitching for Calgary Cowboys : RHP Michael Walton
|
Pitching: RHP Michael Walton
|
|
Batting: LHB Héctor Flores
|
0-0: SINGLE (Groundball, 3D)
|
Batting: RHB Carlos Gonzáles
|
0-0: Ball 1-0: Grounds into double play, 5-4-3 (Groundball, 56)
|
Batting: RHB William Parker
|
0-0: Called Strike 0-1: Ball 1-1: Called Strike 1-2: Ball 2-2: Ball 3-2: Foul Ball, location: 2F 3-2: Foul Ball, location: 2F 3-2: Foul Ball, location: 2F 3-2: Foul Ball, location: 2F 3-2: Strikes out looking
|
Bottom of the 1st over - 0 run(s), 1 hit(s), 0 error(s), 0 left on base; Calgary 2 - Redwood City 0 |
TOP OF THE 2ND |
Calgary Cowboys batting - Pitching for Redwood City Redwoods : RHP Jorge Luna
|
Batting: RHB Jesús Hernández
|
0-0: Ball 1-0: Called Strike 1-1: Ball 2-1: Ball 3-1: Base on Balls
|
Batting: RHB Jorge Balencia
|
0-0: Ball 1-0: Ball 2-0: Ball 3-0: Called Strike 3-1: SINGLE (Groundball, 4D) (infield hit) Jesús Hernández to second
|
Batting: RHB Tom Yarbrough
|
0-0: Grounds into double play, 6-4-3 (Groundball, 6) Jesús Hernández to third
|
Batting: RHB Clark Hodge
|
0-0: Foul Ball, location: 2F 0-1: Ground out 4-3 (Groundball, 4)
|
Top of the 2nd over - 0 run(s), 1 hit(s), 0 error(s), 1 left on base; Calgary 2 - Redwood City 0 |
BOTTOM OF THE 2ND |
Redwood City Redwoods batting - Pitching for Calgary Cowboys : RHP Michael Walton
|
Batting: LHB Patrick Bright
|
0-0: Called Strike 0-1: Called Strike 0-2: SOLO HOME RUN (Flyball, 9D), Distance : 352 ft
|
Batting: RHB Fu Tse
|
0-0: Ball 1-0: Fly out, F9 (Flyball, 9M)
|
Batting: LHB Paul Alexander
|
0-0: Fly out, F9 (Line Drive, 9LD)
|
Batting: LHB Juan Hernández
|
0-0: Fly out, F8 (Line Drive, 8LM)
|
Bottom of the 2nd over - 1 run(s), 1 hit(s), 0 error(s), 0 left on base; Calgary 2 - Redwood City 1 |
TOP OF THE 3RD |
Calgary Cowboys batting - Pitching for Redwood City Redwoods : RHP Jorge Luna
|
Batting: RHB Dan Wyatt
|
0-0: Called Strike 0-1: Ball 1-1: Fly out, F7 (Line Drive, 7D)
|
Batting: LHB Terry Maloney
|
0-0: Ball 1-0: Called Strike 1-1: Called Strike 1-2: Strikes out looking
|
Batting: LHB Miguel Pérez
|
0-0: Ball 1-0: Called Strike 1-1: Ball 2-1: DOUBLE (Line Drive, 9D)
|
Batting: RHB Ramón Martínez
|
0-0: Ball 1-0: DOUBLE (Flyball, 78XD) Miguel Pérez scores
|
Batting: RHB Shayne Burry
|
0-0: Ball 1-0: SINGLE (Line Drive, 7LS) Ramón Martínez to third Runner from 3rd tries for Home, SAFE, no throw or cutoff
|
Batting: RHB Jesús Hernández
|
0-0: Ground out 1-3 (Groundball, 23)
|
Top of the 3rd over - 2 run(s), 3 hit(s), 0 error(s), 1 left on base; Calgary 4 - Redwood City 1 |
BOTTOM OF THE 3RD |
Redwood City Redwoods batting - Pitching for Calgary Cowboys : RHP Michael Walton
|
Batting: LHB Alfonso Montoya
|
0-0: Ball 1-0: Called Strike 1-1: Ball 2-1: Ball 3-1: Fly out, F7 (Flyball, 7M)
|
Batting: SHB António Trinidad
|
0-0: Ball 1-0: Called Strike 1-1: Ball 2-1: Ball 3-1: Foul Ball, location: 2F 3-2: Base on Balls
|
Batting: LHB Héctor Flores
|
0-0: Ball 1-0: Ball 2-0: Called Strike 2-1: SINGLE (Groundball, 4MD) (infield hit) António Trinidad to second
|
Batting: RHB Carlos Gonzáles
|
0-0: Ball 1-0: Called Strike 1-1: Ball 2-1: Foul Ball, location: 2F 2-2: Grounds into double play, 6-4-3 (Groundball, 6)
|
Bottom of the 3rd over - 0 run(s), 1 hit(s), 0 error(s), 1 left on base; Calgary 4 - Redwood City 1 |
TOP OF THE 4TH |
Calgary Cowboys batting - Pitching for Redwood City Redwoods : RHP Jorge Luna
|
Batting: RHB Jorge Balencia
|
0-0: Called Strike 0-1: Ball 1-1: Swinging Strike 1-2: Fly out, F8 (Line Drive, 8LS)
|
Batting: RHB Tom Yarbrough
|
0-0: Ball 1-0: Ground out 1-3 (Groundball, 15S)
|
Batting: RHB Clark Hodge
|
0-0: Ball 1-0: Called Strike 1-1: DOUBLE (Line Drive, 9D)
|
Batting: RHB Dan Wyatt
|
0-0: Swinging Strike 0-1: Swinging Strike 0-2: Strikes out swinging
|
Top of the 4th over - 0 run(s), 1 hit(s), 0 error(s), 1 left on base; Calgary 4 - Redwood City 1 |
BOTTOM OF THE 4TH |
Redwood City Redwoods batting - Pitching for Calgary Cowboys : RHP Michael Walton
|
Batting: RHB William Parker
|
0-0: Ball 1-0: Ball 2-0: Foul Ball, location: 2F 2-1: Foul Ball, location: 2F 2-2: Ball 3-2: Base on Balls
|
Batting: LHB Patrick Bright
|
0-0: Ball 1-0: Ball 2-0: Ground out 3-1 (Groundball, 34S) William Parker to second
|
Batting: RHB Fu Tse
|
0-0: Ball Wild Pitch! William Parker to third 1-0: 2-RUN HOME RUN (Flyball, 8RXD), Distance : 415 ft
|
Batting: LHB Paul Alexander
|
0-0: Ball 1-0: Ball 2-0: Called Strike 2-1: Ball 3-1: Base on Balls
|
Batting: LHB Juan Hernández
|
0-0: Called Strike 0-1: Fielders Choice at 2nd, 4-6 (Groundball, 34)
|
Batting: LHB Alfonso Montoya
|
0-0: Foul Ball, location: 2F 0-1: Foul Ball, location: 2F 0-2: Foul Ball, location: 2F 0-2: Ball 1-2: Ball 2-2: Strikes out looking
|
Bottom of the 4th over - 2 run(s), 1 hit(s), 0 error(s), 1 left on base; Calgary 4 - Redwood City 3 |
TOP OF THE 5TH |
Calgary Cowboys batting - Pitching for Redwood City Redwoods : RHP Jorge Luna
|
Batting: LHB Terry Maloney
|
0-0: Called Strike 0-1: Ball 1-1: Ball 2-1: SINGLE (Line Drive, 34)
|
Batting: LHB Miguel Pérez
|
0-0: Ball 1-0: Ball 2-0: Foul Ball, location: 2F 2-1: Ball 3-1: Called Strike 3-2: Strikes out swinging
|
Batting: RHB Ramón Martínez
|
0-0: Foul Ball, location: 2F 0-1: Ball 1-1: Ball 2-1: Fly out, F4 (Popup, 4)
|
Batting: RHB Shayne Burry
|
0-0: Ground out U3 (Groundball, 3S)
|
Top of the 5th over - 0 run(s), 1 hit(s), 0 error(s), 1 left on base; Calgary 4 - Redwood City 3 |
BOTTOM OF THE 5TH |
Redwood City Redwoods batting - Pitching for Calgary Cowboys : RHP Michael Walton
|
Batting: SHB António Trinidad
|
0-0: Ball 1-0: Ball 2-0: Called Strike 2-1: Fly out, F8 (Flyball, 8LS)
|
Batting: LHB Héctor Flores
|
0-0: Ball 1-0: Called Strike 1-1: Called Strike 1-2: Ball 2-2: Fly out, F7 (Flyball, 7LM)
|
Batting: RHB Carlos Gonzáles
|
0-0: Bunted foul 0-1: Ground out 5-3 (Groundball, 56)
|
Bottom of the 5th over - 0 run(s), 0 hit(s), 0 error(s), 0 left on base; Calgary 4 - Redwood City 3 |
TOP OF THE 6TH |
Calgary Cowboys batting - Pitching for Redwood City Redwoods : RHP Jorge Luna
|
Pitching: RHP Lúcio Solano
|
|
Batting: RHB Jesús Hernández
|
0-0: Called Strike 0-1: Ball 1-1: Foul Ball, location: 2F 1-2: Ball 2-2: Foul Ball, location: 2F 2-2: Fly out, F8 (Flyball, 8LD)
|
Batting: RHB Jorge Balencia
|
0-0: SINGLE (Line Drive, 7S)
|
Batting: RHB Tom Yarbrough
|
0-0: Ball Wild Pitch! Jorge Balencia to second 1-0: Called Strike 1-1: SINGLE (Groundball, 56S) Jorge Balencia to third Runner from 3rd tries for Home, SAFE, throw made home Tom Yarbrough to second
|
Batting: RHB Clark Hodge
|
0-0: Ball 1-0: Ground out 5-3 (Groundball, 5)
|
Batting: RHB Dan Wyatt
|
0-0: Ball 1-0: Ball 2-0: Ball 3-0: Called Strike 3-1: Swinging Strike 3-2: Fly out, F1 (Popup, 25)
|
Top of the 6th over - 1 run(s), 2 hit(s), 0 error(s), 1 left on base; Calgary 5 - Redwood City 3 |
BOTTOM OF THE 6TH |
Redwood City Redwoods batting - Pitching for Calgary Cowboys : RHP Michael Walton
|
Batting: RHB William Parker
|
0-0: Ball 1-0: Ball 2-0: Called Strike 2-1: Swinging Strike 2-2: Ball 3-2: Fly out, F6 (Popup, 15)
|
Batting: LHB Patrick Bright
|
0-0: Ball 1-0: Swinging Strike 1-1: Foul Ball, location: 2F 1-2: Ball 2-2: Foul Ball, location: 2F 2-2: Foul Ball, location: 2F 2-2: Ball 3-2: Fly out, F4 (Line Drive, 4M)
|
Batting: RHB Fu Tse
|
0-0: Ball 1-0: Ball 2-0: Ball 3-0: Base on Balls
|
Batting: LHB Paul Alexander
|
0-0: Ball 1-0: Ball 2-0: SINGLE (Flyball, 6MD) Fu Tse to second
|
Batting: LHB Juan Hernández
|
0-0: Ball 1-0: Called Strike 1-1: Ball 2-1: 3-RUN HOME RUN (Flyball, 9D), Distance : 363 ft
|
Batting: LHB Alfonso Montoya
|
0-0: Called Strike 0-1: Foul Ball, location: 2F 0-2: Strikes out looking
|
Bottom of the 6th over - 3 run(s), 2 hit(s), 0 error(s), 0 left on base; Calgary 5 - Redwood City 6 |
TOP OF THE 7TH |
Calgary Cowboys batting - Pitching for Redwood City Redwoods : RHP Lúcio Solano
|
Batting: LHB Terry Maloney
|
0-0: Ball 1-0: Called Strike 1-1: Called Strike 1-2: Ball 2-2: Fly out, F7 (Popup, 56D)
|
Batting: LHB Miguel Pérez
|
0-0: Ball 1-0: Ball 2-0: Called Strike 2-1: Ball 3-1: SINGLE (Line Drive, 9S)
|
Batting: RHB Ramón Martínez
|
0-0: Called Strike 0-1: DOUBLE (Groundball, 5L) Miguel Pérez to third
|
Batting: RHB Shayne Burry
|
0-0: Ball 1-0: Fly out, F7 (Flyball, 7M) Runner from 3rd tags up, SCORES, throw made
|
Batting: RHB Jesús Hernández
|
0-0: DOUBLE (Line Drive, 78M) Ramón Martínez scores
|
Pitching: RHP William Simpson
|
|
Batting: RHB Jorge Balencia
|
0-0: Ball 1-0: Called Strike 1-1: DOUBLE (Flyball, 8RXD) Jesús Hernández scores
|
Batting: RHB Tom Yarbrough
|
0-0: Called Strike 0-1: Foul Ball, location: 2F 0-2: Strikes out swinging
|
Top of the 7th over - 3 run(s), 4 hit(s), 0 error(s), 1 left on base; Calgary 8 - Redwood City 6 |
BOTTOM OF THE 7TH |
Redwood City Redwoods batting - Pitching for Calgary Cowboys : RHP Michael Walton
|
Pitching: RHP Glen Brewer
|
|
Batting: SHB António Trinidad
|
0-0: Ball 1-0: Ball 2-0: Called Strike 2-1: Called Strike 2-2: Fly out, F8 (Popup, 6MD)
|
Batting: LHB Héctor Flores
|
0-0: Ground out 6-3 (Groundball, 6)
|
Batting: RHB Carlos Gonzáles
|
0-0: Ground out U3 (Groundball, 3)
|
Bottom of the 7th over - 0 run(s), 0 hit(s), 0 error(s), 0 left on base; Calgary 8 - Redwood City 6 |
TOP OF THE 8TH |
Calgary Cowboys batting - Pitching for Redwood City Redwoods : RHP William Simpson
|
Batting: RHB Clark Hodge
|
0-0: Ball 1-0: Foul Ball, location: 2F 1-1: Called Strike 1-2: Ball 2-2: Ball 3-2: Foul Ball, location: 2F 3-2: Foul Ball, location: 2F 3-2: Foul Ball, location: 2F 3-2: DOUBLE (Flyball, 89D)
|
Batting: RHB Dan Wyatt
|
0-0: Called Strike 0-1: Ball 1-1: 2-RUN HOME RUN (Flyball, 7D), Distance : 348 ft
|
Batting: LHB Terry Maloney
|
0-0: Ground out 1-3 (Groundball, 13)
|
Batting: LHB Miguel Pérez
|
0-0: Ball 1-0: Ball 2-0: DOUBLE (Flyball, 89XD)
|
Batting: RHB Ramón Martínez
|
0-0: Called Strike 0-1: Ball 1-1: Foul Ball, location: 2F 1-2: Foul Ball, location: 2F 1-2: Ball 2-2: Foul Ball, location: 2F 2-2: DOUBLE (Line Drive, 78D) Miguel Pérez scores
|
Pitching: RHP Willie McMillan
|
|
Batting: RHB Shayne Burry
|
0-0: Ball 1-0: Foul Ball, location: 2F 1-1: Ball 2-1: Ball 3-1: Called Strike 3-2: Base on Balls
|
Batting: RHB Jesús Hernández
|
0-0: Called Strike 0-1: Foul Ball, location: 2F 0-2: Ball 1-2: Strikes out swinging
|
Batting: RHB Jorge Balencia
|
0-0: Ground out 2-3 (Groundball, 15S)
|
Top of the 8th over - 3 run(s), 4 hit(s), 0 error(s), 2 left on base; Calgary 11 - Redwood City 6 |
BOTTOM OF THE 8TH |
Redwood City Redwoods batting - Pitching for Calgary Cowboys : RHP Glen Brewer
|
Batting: RHB William Parker
|
0-0: Called Strike 0-1: Foul Ball, location: 2F 0-2: Ball 1-2: Foul Ball, location: 2F 1-2: Ball 2-2: Ground out U3 (Groundball, 3S)
|
Batting: LHB Patrick Bright
|
0-0: Called Strike 0-1: SOLO HOME RUN (Flyball, 89XD), Distance : 400 ft
|
Batting: RHB Fu Tse
|
0-0: Ball 1-0: Ground out 4-3 (Groundball, 4)
|
Batting: LHB Paul Alexander
|
0-0: Called Strike 0-1: Fly out, F2 (Popup, 2LF)
|
Bottom of the 8th over - 1 run(s), 1 hit(s), 0 error(s), 0 left on base; Calgary 11 - Redwood City 7 |
TOP OF THE 9TH |
Calgary Cowboys batting - Pitching for Redwood City Redwoods : RHP Willie McMillan
|
Batting: RHB Tom Yarbrough
|
0-0: Foul Ball, location: 2F 0-1: Foul Ball, location: 2F 0-2: Ball 1-2: Ball 2-2: Ball 3-2: Foul Ball, location: 2F 3-2: Foul Ball, location: 2F 3-2: Foul Ball, location: 2F 3-2: Hit by Pitch
|
Batting: RHB Clark Hodge
|
0-0: Bunt missed! 0-1: Bunt missed! 0-2: Foul Ball, location: 2F 0-2: SINGLE (Groundball, 6MD) Tom Yarbrough to second
|
Batting: RHB Dan Wyatt
|
0-0: Sac Bunt - play at first, batter OUT! 1-3 Tom Yarbrough to third Clark Hodge to second
|
Batting: LHB Terry Maloney
|
0-0: Intentional Walk
|
Batting: LHB Miguel Pérez
|
0-0: Ball 1-0: Ball 2-0: Called Strike 2-1: Called Strike 2-2: Fly out, F8 (Flyball, 8RD) Runner from 3rd tags up, SCORES, no throw Clark Hodge to third
|
Batting: RHB Ramón Martínez
|
0-0: Ball 1-0: Foul Ball, location: 2F 1-1: Ball 2-1: Ball 3-1: Base on Balls Terry Maloney to second
|
Batting: RHB Shayne Burry
|
0-0: Called Strike 0-1: Ball 1-1: Fielders Choice at 2nd, U4 (Groundball, 4M)
|
Top of the 9th over - 1 run(s), 1 hit(s), 0 error(s), 3 left on base; Calgary 12 - Redwood City 7 |
BOTTOM OF THE 9TH |
Redwood City Redwoods batting - Pitching for Calgary Cowboys : RHP Glen Brewer
|
Batting: LHB Juan Hernández
|
0-0: Called Strike 0-1: Ball 1-1: Ground out U3 (Groundball, 3L)
|
Batting: LHB Alfonso Montoya
|
0-0: Ball 1-0: Ball 2-0: Foul Ball, location: 2F 2-1: Foul Ball, location: 2F 2-2: Ball 3-2: Base on Balls
|
Batting: SHB António Trinidad
|
0-0: SINGLE (Line Drive, 4D) Alfonso Montoya to second
|
Batting: LHB Héctor Flores
|
0-0: Ball 1-0: Called Strike 1-1: Hit by Pitch Alfonso Montoya to third António Trinidad to second
|
Pitching: RHP Bert Killick
|
|
Batting: RHB Carlos Gonzáles
|
0-0: Swinging Strike 0-1: Grounds into double play, 4-6-3 (Groundball, 4)
|
Bottom of the 9th over - 0 run(s), 1 hit(s), 0 error(s), 2 left on base; Calgary 12 - Redwood City 7 |
|